[Event "Titled Tuesday Blitz January 03 Late 2023"]
[White "gshwbedhkhd"]
[Black "Mayaud, Raphael"]
[BlackFideId "627151"]
[WhiteElo "2511"]
[BlackElo "2201"]
[Result "1-0"]
[Round "02"]
[TimeControl "180+2"]
[Date "2023.01.03"]
[WhiteClock "0:00:03"]
[BlackClock "0:00:01"]

1. e4 d5 2. exd5 Qxd5 3. Nf3 Bg4 4. Be2 Nc6 5. h3 Bxf3 6. Bxf3 Qe6+ 7. Qe2 Qxe2+ 8. Bxe2 e5 9. c3 O-O-O 10. d3 f5 11. O-O Nf6 12. Nd2 Bd6 13. Nc4 h6 14. Nxd6+ cxd6 15. b4 d5 16. Bd2 g5 17. Rfe1 e4 18. d4 Ne7 19. Bf1 Ng6 20. a4 Nf4 21. a5 Kb8 22. g3 Ne6 23. Kh2 Rc8 24. a6 b6 25. Bb5 Kc7 26. f3 Kd6 27. fxe4 Nxe4 28. Ra2 f4 29. gxf4 gxf4 30. Bc1 f3 31. Rc2 Rxc3 32. Rxc3 Nxc3 33. Bd3 Rg8 34. Rf1 Rg2+ 35. Kh1 Nxd4 36. Bxh6 Rb2 37. Rg1 f2 38. Rg6+ Ke5 39. Rf6 Ne4 40. Bg7 1-0


[Site "https://www.chess.com"]

[Event "Titled Tuesday Blitz January 03 Late 2023"]
[White "Kujawski, Adam"]
[Black "Fisher_TheGalactic"]
[WhiteFideId "1100920"]
[WhiteElo "2173"]
[BlackElo "2492"]
[Result "1-0"]
[Round "02"]
[TimeControl "180+2"]
[Date "2023.01.03"]
[WhiteClock "0:00:42"]
[BlackClock "0:00:08"]

1. e4 b6 2. d4 Bb7 3. Bd3 e6 4. Qe2 d5 5. e5 c5 6. c3 Nc6 7. Nf3 h6 8. a3 Qc7 9. O-O c4 10. Bc2 O-O-O 11. h4 Nge7 12. h5 Kb8 13. Re1 g5 14. hxg6 fxg6 15. Nbd2 Bg7 16. Nf1 g5 17. Ng3 Rhf8 18. Nh5 Bh8 19. Nh2 Nf5 20. Ng4 Qf7 21. Ngf6 Ng7 22. Ng3 Ne8 23. Nfh5 Ne7 24. Rf1 Ng6 25. f4 Nxf4 26. Bxf4 gxf4 27. Rxf4 Qg8 28. Rxf8 Qxf8 29. Rf1 Qe7 30. Qg4 Ng7 31. Qg6 Nxh5 32. Nxh5 Bc6 33. Rf7 Qh4 34. g3 Qh3 35. Nf4 Be8 36. Nxh3 Bxf7 37. Qxf7 Rc8 1-0


[Site "https://www.chess.com"]

[Event "Titled Tuesday Blitz January 03 Late 2023"]
[White "Cadena M, Gustavo Adolfo"]
[Black "Alexikov, Alexander"]
[WhiteFideId "4404815"]
[BlackFideId "14103958"]
[WhiteElo "2195"]
[BlackElo "2209"]
[Result "1-0"]
[Round "02"]
[TimeControl "180+2"]
[Date "2023.01.03"]
[WhiteClock "0:00:53"]
[BlackClock "0:00:01"]

1. c4 Nf6 2. Nc3 g6 3. d4 Bg7 4. e4 d6 5. f4 O-O 6. Nf3 Na6 7. Bd3 c5 8. d5 e6 9. O-O exd5 10. cxd5 Nc7 11. Kh1 b5 12. f5 c4 13. Bb1 b4 14. Ne2 gxf5 15. Ng3 fxe4 16. Nxe4 Nfxd5 17. Bg5 f6 18. Bc1 Be6 19. a4 a5 20. Nd4 Bf7 21. Nf5 Bg6 22. Nexd6 Ra6 23. Nb5 Ne6 24. Qxd5 Qxd5 25. Ne7+ Kf7 26. Nxd5 Nc5 27. Bxg6+ hxg6 28. Bg5 Kg8 29. Be3 Nd3 30. Bd4 f5 31. Bxg7 Kxg7 32. Nbc7 Rd6 33. Nf4 Kf6 34. Ncd5+ Kf7 35. Nxd3 Rxd5 36. Nf4 Rd2 37. Rac1 Rc8 38. b3 c3 39. Rfd1 1-0


[Site "https://www.chess.com"]

[Event "Titled Tuesday Blitz January 03 Late 2023"]
[White "Pace, Christopher"]
[Black "ArchibaldCerveza29"]
[WhiteFideId "2610167"]
[WhiteElo "2053"]
[BlackElo "2509"]
[Result "1-0"]
[Round "02"]
[TimeControl "180+2"]
[Date "2023.01.03"]
[WhiteClock "0:01:05"]
[BlackClock "0:00:05"]

1. e4 e5 2. Nf3 Nc6 3. Bb5 g6 4. c3 a6 5. Ba4 Bg7 6. O-O Nge7 7. d4 exd4 8. cxd4 b5 9. Bb3 d6 10. h3 O-O 11. Nc3 Na5 12. Bc2 c5 13. dxc5 dxc5 14. Qxd8 Rxd8 15. Bg5 f6 16. Be3 Nb7 17. Rac1 Be6 18. a4 b4 19. Ne2 Bc4 20. Rfe1 Rac8 21. Nf4 Bf7 22. Bd1 f5 23. e5 c4 24. e6 Be8 25. Be2 Na5 26. Bb6 Bxa4 27. Bxa5 Rd6 28. Bxb4 Rb6 29. Bxe7 Rxb2 30. Bxc4 1-0


[Site "https://www.chess.com"]

[Event "Titled Tuesday Blitz January 03 Late 2023"]
[White "Derige Kane, Yan"]
[Black "Wieczorek, Zbigniew"]
[WhiteFideId "20665431"]
[BlackFideId "1102001"]
[WhiteElo "2204"]
[BlackElo "2150"]
[Result "1-0"]
[Round "02"]
[TimeControl "180+2"]
[Date "2023.01.03"]
[WhiteClock "0:00:04"]
[BlackClock "0:00:01"]

1. Nf3 d5 2. g3 Nf6 3. Bg2 Bg4 4. O-O c6 5. d3 Bxf3 6. Bxf3 Nbd7 7. Nd2 e5 8. c4 h5 9. h3 Bd6 10. cxd5 cxd5 11. e4 dxe4 12. dxe4 Rc8 13. Qe2 Nc5 14. Nc4 Ne6 15. Be3 Bb8 16. Rfd1 Qe7 17. Rac1 O-O 18. a3 Rfd8 19. Rxd8+ Rxd8 20. Bg2 h4 21. b4 hxg3 22. fxg3 Nd4 23. Qb2 Nh5 24. Kh2 Qf6 25. Rf1 Qg6 26. Bf2 Nf6 27. Qb1 Nh7 28. Rd1 Ng5 29. h4 Ngf3+ 30. Bxf3 Nxf3+ 31. Kh1 Nd4 32. Qd3 Qg4 33. Kg2 b5 34. Ne3 1-0


[Site "https://www.chess.com"]

[Event "Titled Tuesday Blitz January 03 Late 2023"]
[White "Carbone, Diego"]
[Black "Hernandez Sanchez, Elvis De La Caridad"]
[WhiteFideId "3002179"]
[BlackFideId "6400353"]
[WhiteElo "2336"]
[BlackElo "2243"]
[Result "1-0"]
[Round "02"]
[TimeControl "180+2"]
[Date "2023.01.03"]
[WhiteClock "0:00:57"]
[BlackClock "0:00:26"]

1. d4 Nf6 2. c4 e6 3. g3 d5 4. Nf3 Bb4+ 5. Bd2 Be7 6. Bg2 O-O 7. Qc2 c6 8. O-O b6 9. Bf4 Ba6 10. Nbd2 Nbd7 11. b3 Rc8 12. e4 c5 13. exd5 exd5 14. dxc5 Nxc5 15. Rfd1 Qe8 16. Re1 Ne6 17. Be5 dxc4 18. bxc4 Nd7 19. Bb2 Ndc5 20. Ne5 Qa4 21. Qf5 Qb4 22. Nb3 Na4 23. Nxf7 Rxf7 24. Qxe6 Nxb2 25. Bd5 Rf8 26. Qxe7 Bxc4 27. Bxf7+ Rxf7 28. Qxb4 1-0


[Site "https://www.chess.com"]

[Event "Titled Tuesday Blitz January 03 Late 2023"]
[White "Dylag, Emilia"]
[Black "Berezin, Viktor"]
[WhiteFideId "21805172"]
[BlackFideId "14107872"]
[WhiteElo "2095"]
[BlackElo "2307"]
[Result "0-1"]
[Round "02"]
[TimeControl "180+2"]
[Date "2023.01.03"]
[WhiteClock "0:00:22"]
[BlackClock "0:00:08"]

1. d4 Nf6 2. c4 g6 3. g3 Bg7 4. Bg2 O-O 5. Nf3 d6 6. O-O Nc6 7. Nc3 a6 8. d5 Na5 9. Nd2 c5 10. Qc2 Rb8 11. b3 b5 12. Bb2 Bf5 13. e4 Bd7 14. Rab1 e5 15. dxe6 fxe6 16. cxb5 axb5 17. Rfd1 Nc6 18. Nf3 Qe7 19. e5 dxe5 20. Ne4 Nxe4 21. Qxe4 Rf5 22. Nh4 Rff8 23. Rxd7 Qxd7 24. Qxc6 Qd3 25. Qxe6+ Kh8 26. Rf1 Rbe8 27. Qd5 Qc2 28. Ba1 Qxa2 29. Nf3 e4 30. Bxg7+ Kxg7 31. Ng5 Qa6 32. Bxe4 Qf6 33. h4 Re5 34. Qd7+ Re7 35. Qd3 Rc8 36. Bd5 Rd7 37. Ne6+ Kh8 38. Qf3 Qe5 39. Nf4 Rcd8 40. Bc6 Re7 41. Bxb5 Rb8 42. Bc4 Rf8 43. Qg4 Qc3 44. h5 gxh5 45. Nxh5 Qe5 46. Rd1 Ra7 47. Rd5 Qe1+ 48. Kh2 Rxf2+ 49. Kh3 Qh1# 0-1


[Site "https://www.chess.com"]

[Event "Titled Tuesday Blitz January 03 Late 2023"]
[White "Kuegel, Tobias"]
[Black "Pino Perez, Lazaro"]
[WhiteFideId "4636295"]
[BlackFideId "3517055"]
[WhiteElo "2332"]
[BlackElo "2142"]
[Result "1/2-1/2"]
[Round "02"]
[TimeControl "180+2"]
[Date "2023.01.03"]
[WhiteClock "0:00:11"]
[BlackClock "0:00:48"]

1. e4 c5 2. Nf3 g6 3. c4 Nc6 4. d4 cxd4 5. Nxd4 Nf6 6. Nc3 d6 7. Be2 Nxd4 8. Qxd4 Bg7 9. Be3 O-O 10. Qd2 a5 11. O-O a4 12. f3 Qa5 13. Rab1 Be6 14. Rfc1 Rfc8 15. b4 axb3 16. axb3 Qb4 17. Nd5 Nxd5 18. cxd5 Qxd2 19. Bxd2 Bd7 20. Kf1 Ra2 21. Rxc8+ Bxc8 22. Be3 Rc2 23. Ke1 f5 24. Rc1 Rxc1+ 25. Bxc1 fxe4 26. fxe4 Be5 27. h3 Bd4 28. Kd2 Bd7 29. Bg4 Bb5 30. Be2 Bd7 31. Kd3 Bg1 32. Bg5 Kf7 33. Bg4 Bb5+ 34. Kc3 Bf1 35. Be6+ Ke8 36. g3 Bf2 37. Bf4 Be1+ 38. Kd4 Bf2+ 39. Kc3 Be1+ 40. Kd4 Bf2+ 41. Kc3 1/2-1/2


[Site "https://www.chess.com"]

[Event "Titled Tuesday Blitz January 03 Late 2023"]
[White "Torres Dominguez, David"]
[Black "Zomorrodian, Eilia"]
[WhiteFideId "2220857"]
[BlackFideId "12551805"]
[WhiteElo "1994"]
[BlackElo "2109"]
[Result "0-1"]
[Round "02"]
[TimeControl "180+2"]
[Date "2023.01.03"]
[WhiteClock "0:00:15"]
[BlackClock "0:00:28"]

1. e4 c5 2. Nc3 a6 3. f4 b5 4. d3 Bb7 5. Nf3 e6 6. Be2 d6 7. O-O Nf6 8. Qe1 Nbd7 9. a4 b4 10. Nd1 Be7 11. Ne3 O-O 12. Bd2 Qc7 13. b3 Rfe8 14. Qg3 Bf8 15. Rae1 g6 16. Ng5 Bg7 17. Bd1 h6 18. Nh3 Bxe4 19. Nc4 Bb7 20. f5 exf5 21. Nxd6 Rxe1 22. Rxe1 Nd5 23. Nxb7 Qxb7 24. Bf3 N7f6 25. Nf4 Qd7 26. Re5 Nxf4 27. Bxf4 Re8 28. Rxe8+ Qxe8 29. h3 g5 30. Bd6 Qe3+ 31. Qf2 Qc1+ 32. Kh2 g4 33. hxg4 fxg4 34. Bb7 Nh5 35. Bd5 Nf6 36. Bc4 h5 37. Be5 g3+ 38. Kxg3 Qg5+ 39. Kf3 Qxe5 40. Qe3 Qf5+ 41. Ke2 Ng4 42. Qe8+ Bf8 43. Qe4 Qf2+ 44. Kd1 Ne3+ 0-1


[Site "https://www.chess.com"]

[Event "Titled Tuesday Blitz January 03 Late 2023"]
[White "Silva, Miguel Antonio Neto"]
[Black "Coelho, Ramyres Santana"]
[WhiteFideId "1911929"]
[BlackFideId "2120690"]
[WhiteElo "2204"]
[BlackElo "1981"]
[Result "1-0"]
[Round "02"]
[TimeControl "180+2"]
[Date "2023.01.03"]
[WhiteClock "0:00:19"]
[BlackClock "0:00:19"]

1. Nf3 c5 2. e4 Nc6 3. Bb5 Qb6 4. a4 a6 5. Bc4 e6 6. O-O Nf6 7. Nc3 d6 8. d3 Be7 9. Re1 O-O 10. h3 Ne5 11. Nxe5 dxe5 12. a5 Qc7 13. Be3 Rd8 14. Na4 Nd7 15. Qd2 b6 16. axb6 Nxb6 17. Qa5 Rb8 18. Nxc5 Qc6 19. Bb3 Rd4 20. Bxd4 exd4 21. Na4 Nxa4 22. Qxa4 Qd6 23. e5 Qc7 24. Qxd4 Bc5 25. Qf4 Bb7 26. d4 Be7 27. Red1 Qc6 28. d5 exd5 29. Bxd5 Qe8 30. Bxb7 Rxb7 31. Rxa6 Rxb2 32. Qe4 Rb8 33. Ra7 Bc5 34. Rb7 Rc8 35. Rdd7 Ra8 36. Rxf7 Ra1+ 37. Kh2 Bf8 38. Qd5 Kh8 39. e6 Ra6 40. e7 Bxe7 41. Rbxe7 Qb8+ 42. g3 Rg6 43. Qf3 Kg8 44. Ra7 h5 45. Ra8 Qxa8 46. Qxa8+ Kxf7 47. Qd5+ Kf6 48. Qxh5 Rg5 49. Qf3+ Rf5 50. Kg2 Rxf3 51. Kxf3 Ke5 52. g4 Kd4 53. Kg3 Kc3 54. f4 Kxc2 55. Kh4 Kd3 56. Kg5 Ke4 57. f5 Ke5 58. Kg6 Kf4 59. g5 Kg3 60. Kxg7 Kxh3 61. g6 Kg4 62. f6 Kf5 63. f7 Ke6 64. f8=Q Kd7 65. Qf6 Ke8 66. Qf7+ Kd8 67. Kf6 Kc8 68. g7 Kd8 69. g8=Q# 1-0


[Site "https://www.chess.com"]

[Event "Titled Tuesday Blitz January 03 Late 2023"]
[White "Van den Dikkenberg, Erik"]
[Black "Droin, Augustin"]
[WhiteFideId "1005880"]
[BlackFideId "45105987"]
[WhiteElo "2091"]
[BlackElo "2436"]
[Result "0-1"]
[Round "02"]
[TimeControl "180+2"]
[Date "2023.01.03"]
[WhiteClock "0:00:14"]
[BlackClock "0:00:59"]

1. e4 c5 2. Nc3 a6 3. f4 b5 4. g3 Bb7 5. Bg2 b4 6. Nd5 e6 7. Ne3 Nf6 8. d3 d5 9. e5 Nfd7 10. Nh3 Nc6 11. O-O g6 12. c3 bxc3 13. bxc3 d4 14. Nc4 Be7 15. cxd4 cxd4 16. Rb1 Qc7 17. Rxb7 Qxb7 18. Na5 Nxa5 19. Bxb7 Nxb7 20. Qf3 Ndc5 21. Ba3 O-O 22. Rb1 Rab8 23. Bxc5 Nxc5 24. Rxb8 Rxb8 25. Nf2 Rb1+ 26. Kg2 Rb2 27. Kh3 Rxa2 28. Ng4 h5 29. Nf6+ Kg7 30. Ne8+ Kf8 31. Qa8 Nb7 32. Qxb7 Kxe8 33. Qc8+ Bd8 34. Qc6+ Kf8 35. Qd6+ Be7 36. Qb8+ Kg7 37. Qe8 Bb4 38. f5 gxf5 39. Qd8 Bf8 40. Qg5+ Kh7 41. Qxh5+ Kg8 42. Qg5+ Bg7 43. Qd8+ Kh7 44. Qe7 Kg6 45. Kh4 Rxh2# 0-1


[Site "https://www.chess.com"]

[Event "Titled Tuesday Blitz January 03 Late 2023"]
[White "Jimenez Almeida, Luis David"]
[Black "Lock, Gavin R"]
[WhiteFideId "22242244"]
[BlackFideId "408646"]
[WhiteElo "2242"]
[BlackElo "2083"]
[Result "1-0"]
[Round "02"]
[TimeControl "180+2"]
[Date "2023.01.03"]
[WhiteClock "0:00:49"]
[BlackClock "0:00:05"]

1. e4 c5 2. Nc3 a6 3. Nge2 b5 4. d4 cxd4 5. Nxd4 e6 6. Bd3 Qb6 7. Be3 Bc5 8. Nce2 Nf6 9. O-O Ng4 10. Ng3 Nxe3 11. fxe3 Bxd4 12. exd4 Qxd4+ 13. Kh1 Nc6 14. c3 Qe5 15. Qg4 O-O 16. a4 Bb7 17. Nh5 b4 18. Rf3 bxc3 19. bxc3 Ne7 20. Raf1 Rac8 21. Nf6+ Kh8 22. Nxd7 Qxc3 23. Nxf8 Rxf8 24. Rh3 Ng6 25. Qh5 h6 26. Rg3 Rd8 27. Be2 Qd2 28. Bf3 a5 29. Rd1 Nf4 30. Rxd2 Rxd2 31. Qg4 g5 32. h4 1-0


[Site "https://www.chess.com"]

[Event "Titled Tuesday Blitz January 03 Late 2023"]
[White "Guo, Josh"]
[Black "Herman, Daniel"]
[WhiteFideId "2682427"]
[BlackFideId "30935008"]
[WhiteElo "2112"]
[BlackElo "1956"]
[Result "0-1"]
[Round "02"]
[TimeControl "180+2"]
[Date "2023.01.03"]
[WhiteClock "0:00:06"]
[BlackClock "0:00:30"]

1. e4 g6 2. d4 Bg7 3. Nc3 d6 4. Nf3 Nf6 5. Be2 O-O 6. O-O e5 7. dxe5 dxe5 8. Qxd8 Rxd8 9. Bg5 Re8 10. h3 h6 11. Bxf6 Bxf6 12. Bc4 c6 13. a4 a5 14. Nd2 Na6 15. Bxa6 Rxa6 16. Nc4 Be6 17. Ne3 Raa8 18. Rfd1 Red8 19. Kf1 h5 20. f3 Be7 21. Rxd8+ Rxd8 22. Rd1 Rd4 23. b3 Kf8 24. g4 h4 25. Ne2 Rxd1+ 26. Nxd1 f5 27. Nec3 Bg5 28. Ke2 Ke7 29. Ne3 fxg4 30. fxg4 Bf4 31. Kf3 Kd6 32. Ne2 g5 33. Nxf4 exf4 34. Nf5+ Ke5 35. Ng7 Bd7 36. Nh5 c5 0-1


[Site "https://www.chess.com"]

[Event "Titled Tuesday Blitz January 03 Late 2023"]
[White "Kalogeris, Ioannis"]
[Black "Jenkins, Drake"]
[WhiteFideId "4239563"]
[BlackFideId "2022397"]
[WhiteElo "2423"]
[BlackElo "2130"]
[Result "1-0"]
[Round "02"]
[TimeControl "180+2"]
[Date "2023.01.03"]
[WhiteClock "0:01:02"]
[BlackClock "0:00:01"]

1. e4 c5 2. Nf3 g6 3. d4 cxd4 4. Nxd4 Nf6 5. Nc3 Nc6 6. Be3 Bg7 7. Bc4 O-O 8. Bb3 d6 9. f3 Na5 10. Qd2 Nxb3 11. Nxb3 Re8 12. O-O-O a5 13. e5 Nd7 14. exd6 a4 15. Nc5 Nxc5 16. Bxc5 exd6 17. Qxd6 Qxd6 18. Bxd6 a3 19. Rhe1 axb2+ 20. Kxb2 Be6 21. a3 Rec8 22. Bb4 Rc4 23. Re4 Rc6 24. g4 Rac8 25. Re3 f5 26. h3 f4 27. Red3 Kf7 28. Re1 R8c7 29. Re4 g5 30. Ba5 Rc8 31. Ra4 Kg6 32. Bb4 Bc4 33. Rd7 Bb5 34. Rxg7+ Kxg7 35. Nxb5 Rxc2+ 36. Kb3 Rf2 37. Bc3+ Kg6 38. Ra7 Rxf3 39. Rxb7 1-0


[Site "https://www.chess.com"]

[Event "Titled Tuesday Blitz January 03 Late 2023"]
[White "Adury, Anant"]
[Black "Fiorito, Joaquin"]
[WhiteFideId "30964687"]
[BlackFideId "180173"]
[WhiteElo "2123"]
[BlackElo "2405"]
[Result "0-1"]
[Round "02"]
[TimeControl "180+2"]
[Date "2023.01.03"]
[WhiteClock "0:02:17"]
[BlackClock "0:02:00"]

1. Nf3 d5 2. c4 c6 3. e3 Nf6 4. Nc3 e6 5. d4 Nbd7 6. Bd3 dxc4 7. Bxc4 b5 8. Bb3 Be7 9. O-O O-O 10. e4 b4 11. e5 bxc3 12. exf6 Nxf6 13. bxc3 c5 14. Bf4 Bb7 15. Rb1 Be4 16. Bc2 Bxc2 17. Qxc2 cxd4 18. cxd4 Nd5 19. Be3 Qa5 20. Rfc1 h6 21. Ne5 Bd6 22. Nc4 Qa6 23. Nxd6 Qxd6 24. Qc6 Qa3 25. Qc4 Nxe3 26. fxe3 Qxe3+ 27. Kh1 Rad8 28. Rd1 Rd5 29. Rb3 Qe4 30. Qd3 Qxd3 31. Rdxd3 Rfd8 32. g3 e5 33. Rb7 a5 0-1


[Site "https://www.chess.com"]

[Event "Titled Tuesday Blitz January 03 Late 2023"]
[White "Reprintsev, Alexander"]
[Black "Sabar, Ethmane Daouda"]
[WhiteFideId "14100541"]
[BlackFideId "19600097"]
[WhiteElo "2253"]
[BlackElo "2040"]
[Result "1-0"]
[Round "02"]
[TimeControl "180+2"]
[Date "2023.01.03"]
[WhiteClock "0:00:10"]
[BlackClock "0:00:16"]

1. e4 c5 2. b3 Nc6 3. Bb2 e5 4. f4 d6 5. Qf3 Nf6 6. Bb5 Bd7 7. Ne2 Nd4 8. Nxd4 cxd4 9. Bxd7+ Qxd7 10. c3 Qc6 11. d3 dxc3 12. Nxc3 Be7 13. Rc1 O-O 14. Nd5 Qe8 15. Nc7 Qd8 16. Nxa8 Qxa8 17. fxe5 dxe5 18. Bxe5 Bb4+ 19. Kf2 Be7 20. Rc7 Bd8 21. Rc4 b5 22. Rc2 Bb6+ 23. Ke2 Nd7 24. Bf4 Re8 25. Rhc1 f6 26. Kf1 Nf8 27. Be3 Ba5 28. a3 Qd8 29. Bxa7 Ne6 30. b4 Bb6 31. Bxb6 Qxb6 32. Rc8 Rxc8 33. Rxc8+ Kf7 34. Qh5+ Ke7 35. Qe8+ Kd6 36. Ra8 Qe3 37. Qb8+ Kd7 38. Ra7+ Nc7 39. Qxc7+ Ke8 40. Qe7# 1-0


[Site "https://www.chess.com"]

[Event "Titled Tuesday Blitz January 03 Late 2023"]
[White "Bochnicka, Vladimir"]
[Black "qiaohu_henry"]
[WhiteFideId "14943450"]
[WhiteElo "2327"]
[BlackElo "2253"]
[Result "1-0"]
[Round "02"]
[TimeControl "180+2"]
[Date "2023.01.03"]
[WhiteClock "0:00:18"]
[BlackClock "0:00:01"]

1. e4 e6 2. d4 d5 3. exd5 exd5 4. c4 Nc6 5. Nf3 Bb4+ 6. Nc3 Nge7 7. Bd3 Bg4 8. O-O Nxd4 9. Qa4+ Ndc6 10. Ne5 Bxc3 11. Nxg4 Bb4 12. a3 Bd6 13. cxd5 Nxd5 14. Re1+ Ne7 15. Bg5 O-O 16. Re3 Qd7 17. Nf6+ gxf6 18. Bxh7+ Kxh7 19. Qh4+ Kg8 20. Bxf6 Ng6 21. Qh5 Rfe8 22. Rg3 Qf5 23. Qh8# 1-0


[Site "https://www.chess.com"]

[Event "Titled Tuesday Blitz January 03 Late 2023"]
[White "Blanco Acevedo, Cristobal Jose"]
[Black "Sariego Figueredo, Wilfredo"]
[WhiteFideId "3900525"]
[BlackFideId "3500080"]
[WhiteElo "2310"]
[BlackElo "2318"]
[Result "1-0"]
[Round "02"]
[TimeControl "180+2"]
[Date "2023.01.03"]
[WhiteClock "0:01:04"]
[BlackClock "0:00:02"]

1. e4 c5 2. Nf3 a6 3. c4 Nc6 4. d4 cxd4 5. Nxd4 d6 6. Nc3 Nf6 7. Be2 e5 8. Nc2 Be7 9. O-O Be6 10. b3 Qc7 11. Ba3 O-O 12. Rc1 Rfd8 13. Nd5 Bxd5 14. cxd5 Na7 15. Bd3 Nb5 16. Bb2 Qd7 17. a4 Nc7 18. Ne3 b5 19. a5 Rdc8 20. b4 Nce8 21. Qe2 Bf8 22. Rce1 Rc7 23. f4 exf4 24. Rxf4 Rac8 25. Ref1 Qd8 26. g4 h6 27. h4 Nh7 28. Qf2 Be7 29. Rxf7 Bxh4 30. Rf8+ Nxf8 31. Qxf8+ Kh7 32. e5+ g6 33. e6 Bf6 34. Bxf6 Nxf6 35. Qxf6 Qxf6 36. Rxf6 Rc3 37. Rf7+ Kg8 38. Bxg6 Rxe3 39. Kf2 Re5 40. Bh7+ Kh8 41. e7 Re8 42. Rf8+ Kxh7 43. Rxe8 Kg7 44. Rd8 Rxe7 45. Rxd6 Ra7 46. Rb6 Kf7 47. Ke3 Kg7 48. Kd4 h5 49. gxh5 Kh7 50. h6 Kh8 51. Kc5 Kh7 52. Rc6 Rb7 53. d6 Rc7 54. Rxc7+ Kxh6 55. d7 1-0


[Site "https://www.chess.com"]

[Event "Titled Tuesday Blitz January 03 Late 2023"]
[White "Martins, Bruno Andre Leite"]
[Black "Papp, Petra"]
[WhiteFideId "1942255"]
[BlackFideId "739049"]
[WhiteElo "2348"]
[BlackElo "2343"]
[Result "1-0"]
[Round "02"]
[TimeControl "180+2"]
[Date "2023.01.03"]
[WhiteClock "0:00:55"]
[BlackClock "0:00:07"]

1. e4 c5 2. Ne2 d6 3. Nbc3 Nf6 4. d4 cxd4 5. Nxd4 a6 6. Bd3 e5 7. Nf5 Bxf5 8. exf5 Nc6 9. Bg5 Be7 10. Bc4 O-O 11. O-O Rc8 12. Bb3 Nd4 13. Qd3 Nd7 14. Bxe7 Qxe7 15. Nd5 Qg5 16. c3 Nc5 17. Qe3 Qxe3 18. fxe3 Ncxb3 19. axb3 Nxb3 20. Ra3 Nd2 21. Rd1 Nc4 22. Ne7+ Kh8 23. Nxc8 Nxa3 24. Nxd6 Nc2 25. Kf2 Kg8 26. Rc1 Rd8 27. Ne4 Nxe3 28. Kxe3 f6 29. c4 Kf7 30. c5 Ke7 31. Nd6 Rd7 32. b4 Rc7 33. Nc4 Kd7 34. Rd1+ Kc6 35. Na3 b6 36. Rd6+ Kb7 37. Rxb6+ Kc8 38. Rxa6 Rd7 39. Rc6+ Kd8 40. Rd6 Kc7 41. Rxd7+ Kxd7 42. b5 1-0


[Site "https://www.chess.com"]

[Event "Titled Tuesday Blitz January 03 Late 2023"]
[White "Ibadov, Dashgyn"]
[Black "Kovacs, Klara"]
[WhiteFideId "24107514"]
[BlackFideId "733210"]
[WhiteElo "2391"]
[BlackElo "2121"]
[Result "1-0"]
[Round "02"]
[TimeControl "180+2"]
[Date "2023.01.03"]
[WhiteClock "0:01:25"]
[BlackClock "0:01:25"]

1. e4 e6 2. d4 d5 3. Nc3 Nc6 4. Nf3 Nf6 5. Bd3 Bb4 6. O-O Bxc3 7. exd5 exd5 8. bxc3 O-O 9. Bg5 Bg4 10. Rb1 b6 11. Re1 h6 12. Bh4 Qd6 13. h3 Bh5 14. g4 Bg6 15. Ne5 Ne4 16. Nxg6 fxg6 17. Bxe4 dxe4 18. Rxe4 Qd5 19. Qd3 Qxa2 20. Rbe1 Kh8 21. Re6 Qd5 22. Qxg6 Na5 23. Re7 Rg8 24. Bf6 1-0


[Site "https://www.chess.com"]

[Event "Titled Tuesday Blitz January 03 Late 2023"]
[White "Andreassen, Lars"]
[Black "Ladan, Nicholas"]
[WhiteFideId "1504878"]
[BlackFideId "30918855"]
[WhiteElo "2168"]
[BlackElo "2228"]
[Result "0-1"]
[Round "02"]
[TimeControl "180+2"]
[Date "2023.01.03"]
[WhiteClock "0:00:28"]
[BlackClock "0:00:08"]

1. d4 d5 2. c4 e6 3. Nf3 c6 4. Nc3 Nf6 5. Bg5 Nbd7 6. e3 Qa5 7. Bxf6 Nxf6 8. Bd3 dxc4 9. Bxc4 b5 10. Bd3 Bb4 11. O-O O-O 12. Qc2 a6 13. Rfc1 Bb7 14. Ne4 Nxe4 15. Bxe4 g6 16. Ne5 Rac8 17. a3 Bd6 18. Nd7 Rfd8 19. Nc5 Ba8 20. b4 Qb6 21. h4 e5 22. Rd1 exd4 23. exd4 Re8 24. h5 Qc7 25. hxg6 hxg6 26. Bxg6 fxg6 27. Qd2 Qh7 28. g3 Bxc5 29. dxc5 Bb7 30. Qg5 Rc7 31. Rd6 Rg7 32. Rad1 Qh5 33. Qf4 Bc8 34. Rd8 Re7 35. Rxe8+ Rxe8 36. Qh4 Qxd1+ 0-1


[Site "https://www.chess.com"]

[Event "Titled Tuesday Blitz January 03 Late 2023"]
[White "Broca Jimenez, Fernando"]
[Black "Papayan, Oleg"]
[WhiteFideId "5104742"]
[BlackFideId "4193911"]
[WhiteElo "2075"]
[BlackElo "2253"]
[Result "1-0"]
[Round "02"]
[TimeControl "180+2"]
[Date "2023.01.03"]
[WhiteClock "0:01:03"]
[BlackClock "0:00:28"]

1. e4 e5 2. Nf3 Nc6 3. Bb5 Nf6 4. O-O Nxe4 5. Re1 Nd6 6. Nxe5 Be7 7. Nxc6 dxc6 8. Bf1 O-O 9. d4 Nf5 10. c3 Be6 11. Bf4 c5 12. dxc5 Bxc5 13. Qxd8 Rfxd8 14. Bxc7 Rd7 15. Bf4 Rad8 16. Bb5 Rd1 17. Na3 Rxa1 18. Rxa1 Bxa3 19. bxa3 Bxa2 20. g4 Nh4 21. Be2 Ng6 22. Be3 Be6 23. Bxa7 Nf4 24. Bf3 b5 25. Rd1 Ra8 26. Bxa8 1-0


[Site "https://www.chess.com"]

[Event "Titled Tuesday Blitz January 03 Late 2023"]
[White "Jovic, Stanoje"]
[Black "Ardila, Oscar Humberto"]
[WhiteFideId "905020"]
[BlackFideId "4404742"]
[WhiteElo "2075"]
[BlackElo "1982"]
[Result "1-0"]
[Round "02"]
[TimeControl "180+2"]
[Date "2023.01.03"]
[WhiteClock "0:00:31"]
[BlackClock "0:00:02"]

1. c4 Nf6 2. g3 g6 3. Bg2 Bg7 4. Nc3 O-O 5. Nf3 d6 6. O-O Nbd7 7. d3 e5 8. Rb1 a5 9. a3 c6 10. b4 axb4 11. axb4 Re8 12. e4 Nf8 13. h3 Ne6 14. Be3 Qc7 15. Qd2 Bd7 16. Ra1 h5 17. Na4 Red8 18. Bb6 Qc8 19. Bxd8 Qxd8 20. Nc3 Rxa1 21. Rxa1 Qb6 22. Qb2 Bh6 23. Qa3 Nd4 24. Qa5 Nxf3+ 25. Bxf3 Qd4 26. Qd8+ Kg7 27. Ra8 Be8 28. Ne2 Qxd3 29. Kg2 Qxc4 30. Qxd6 Qe6 31. Qxe6 fxe6 32. Ra7 Kf7 33. Rxb7+ Bd7 34. Nc3 Bf8 35. Na4 Ke8 36. Nb6 Be7 37. Nc4 Kd8 38. Nxe5 Be8 39. Nc4 Nd7 40. e5 c5 41. b5 Kc8 42. Ra7 Kb8 43. Ra8+ Kc7 44. Rxe8 Bg5 45. Rxe6 Bc1 46. b6+ Kc8 47. Rxg6 Nb8 48. Rg8+ Kd7 49. Rxb8 1-0


[Site "https://www.chess.com"]

[Event "Titled Tuesday Blitz January 03 Late 2023"]
[White "Araujo, Everson De Moura"]
[Black "Khandelwal, Ankush"]
[WhiteFideId "22737197"]
[BlackFideId "413470"]
[WhiteElo "1944"]
[BlackElo "2205"]
[Result "0-1"]
[Round "02"]
[TimeControl "180+2"]
[Date "2023.01.03"]
[WhiteClock "0:00:04"]
[BlackClock "0:00:25"]

1. c4 Nf6 2. Nc3 g6 3. g3 Bg7 4. Bg2 O-O 5. e4 d6 6. Nge2 c5 7. O-O Nc6 8. d3 a6 9. h3 Rb8 10. a4 Nd7 11. Be3 Nd4 12. Rb1 f5 13. b3 fxe4 14. Nxe4 Nf3+ 15. Bxf3 Rxf3 16. Nf4 Ne5 17. d4 cxd4 18. Bxd4 Rxf4 19. gxf4 Nf3+ 20. Qxf3 Bxd4 21. Ng5 e6 22. Rbd1 Qf6 23. Ne4 Qg7 24. Nxd6 Bd7 25. Qe4 e5 26. fxe5 Bxe5 27. Nxb7 Bxh3 28. Rfe1 Bc3 29. Qd5+ Kh8 30. Re3 Bf6 31. Rxh3 Rxb7 32. Rhd3 h5 33. Qf3 Rf7 34. Qg3 Be5 35. Qg2 Rf5 36. Rd5 Qf6 37. Rd8+ Kg7 38. Qb7+ Kh6 39. Kf1 Rxf2+ 40. Ke1 Bc3+ 41. R1d2 Rf1+ 42. Ke2 Qf2+ 43. Kd3 Qxd2+ 44. Ke4 Rf4# 0-1


[Site "https://www.chess.com"]